 Dungeon Crawl Stone Soup version 0.29-a0-356-g7bc237e783 (webtiles) character file.

Game seed: 3504136707532896163

103 jlumianski the Skirmisher (level 4, 0/35 HPs)
             Began as a Demonspawn Fighter on Apr 25, 2022.
             Slain by Crazy Yiuf
             ... wielding a +2 quarterstaff of chaos
              (8 damage)
             ... on level 2 of the Dungeon on Apr 26, 2022.
             The game lasted 00:07:55 (2615 turns).

jlumianski the Skirmisher (Demonspawn Fighter)      Turns: 2615, Time: 00:07:56

Health: 0/35       AC:  6    Str: 18    XL:     4   Next: 51%
Magic:  4/4        EV:  9    Int: 10    God:
Gold:   70         SH:  4    Dex: 12    Spells: 3/3 levels left

rFire   . . .      SeeInvis .   q - +1 dagger (venom)
rCold   . . .      Faith    .   c - +0 buckler
rNeg    . . .      Spirit   .   b - +0 scale mail
rPois   .          Reflect  .   (no helmet)
rElec   .          Harm     .   (no cloak)
rCorr   .          Rampage  .   (no gloves)
Will    .....                   (no boots)
Stlth   ..........              (no amulet)
HPRegen 0.11/turn               (no ring)
MPRegen 0.09/turn               (no ring)

@: no status effects
A: claws 1, powered by pain 1
a: no special abilities


You were on level 2 of the Dungeon.
You visited 1 branch of the dungeon, and saw 3 of its levels.

You collected 70 gold pieces.

Inventory:

Hand Weapons
 a - a +0 rapier
 q - a +1 dagger of venom (weapon)
Missiles
 i - 6 poisoned darts (quivered)
 n - 43 stones
Armour
 b - a +0 scale mail (worn)
 c - a +0 buckler (worn)
Magical Staves
 l - a staff of fire
 r - a staff of air
Scrolls
 f - a scroll of magic mapping {unknown}
 g - a scroll of identify
 j - a scroll of fear {unknown}
 m - a scroll of immolation {unknown}
Potions
 d - 2 potions of might
 e - a potion of cancellation
 h - 2 potions of heal wounds
 k - a potion of brilliance
 o - a potion of lignification
 p - a potion of resistance


   Skills:
 + Level 3.5 Fighting
 + Level 2.6 Short Blades
 + Level 3.4 Armour
 + Level 1.0 Dodging
 + Level 3.0 Shields


You had 3 spell levels left.
You didn't know any spells.
Your spell library was empty.

Dungeon Overview and Level Annotations

Branches:
Dungeon (3/15)

Altars:

Shops:
D:2 (

Annotations:
D:2 Crazy Yiuf


Innate Abilities, Weirdness & Mutations

You have sharp fingernails.
You sometimes gain a little power by taking damage.


Message History

You kill the hobgoblin!
Things that are here:
a hobgoblin corpse; an adder corpse
There is an open door here.
There is an open door here.
Partly explored, can't reach some places.
You hit the fungus.
The fungus begins to die.
The fungus is lightly damaged.
You hit the fungus.
The fungus is lightly damaged.
You hit the fungus.
The fungus is lightly damaged.
You hit the fungus.
The fungus is lightly damaged.
A nearby fungus withers and dies.
Found a mace.
Found a runed translucent door.
You open the door. You hit Crazy Yiuf but do no damage.
Crazy Yiuf is poisoned.
Crazy Yiuf hits you with a +2 quarterstaff of chaos.
You convulse.
You hit Crazy Yiuf but do no damage.
Crazy Yiuf looks as sick as possible!
Crazy Yiuf is lightly wounded.
Crazy Yiuf hits you with a +2 quarterstaff of chaos!
Crazy Yiuf freezes you.
You barely miss Crazy Yiuf.
Crazy Yiuf is lightly wounded.
Crazy Yiuf hits you with a +2 quarterstaff of chaos.
* * * LOW HITPOINT WARNING * * *
Crazy Yiuf burns you.
* * * LOW HITPOINT WARNING * * *
You closely miss Crazy Yiuf.
Crazy Yiuf is moderately wounded.
You block Crazy Yiuf's attack.
You hit Crazy Yiuf.
Crazy Yiuf is heavily wounded.
You block Crazy Yiuf's attack.
You barely miss Crazy Yiuf.
Crazy Yiuf is severely wounded.
Crazy Yiuf hits you with a +2 quarterstaff of chaos!
You die...

.............'.........'....#...#
####..#...####.........####...###
# #..#..## ##.......## ##.## #
#..#.## ######### #.# # #..#.#
#.# # #..#.# #.# # #..#.##♣♣ ###
#.# # #.......♣♣ ♣♣#..)# #.# #
##.......♣♣♣♣@g...# #.# #
#.#...PP.♣..♣#...# #.#
#.##..P.♣.♣♣♣ ### #.# #.####♣♣♣♣♣
#####.# #.### #.....# #...#
####### #####


You could see Crazy Yiuf (very poisoned).

Vanquished Creatures
  2 gnolls (D:1)
  3 adders (D:2)
  A dart slug (D:2)
  9 endoplasms
  4 giant cockroaches
  3 goblins (D:2)
  4 hobgoblins
  4 jackals (D:2)
  2 quokkas
  2 ball pythons
  7 bats
  3 frilled lizards
  3 kobolds
  3 rats
50 creatures vanquished.

Vanquished Creatures (others)
  A fungus (D:2)
  4 plants (D:1)
5 creatures vanquished.

Grand Total: 55 creatures vanquished

Notes
Turn   | Place    | Note
-------+----------+-------------------------------------------
     0 | D:1      | jlumianski the Demonspawn Fighter began the quest for the
                  | Orb.
     0 | D:1      | Reached XP level 1. HP: 18/18 MP: 1/1
   193 | D:1      | Gained mutation: You have sharp fingernails. [demonic
                  | ancestry]
   193 | D:1      | Reached XP level 2. HP: 22/24 MP: 2/2
   304 | D:1      | Found a faded altar of an unknown god.
   649 | D:1      | Reached XP level 3. HP: 22/29 MP: 3/3
  1559 | D:2      | Gained mutation: You sometimes gain a little power by
                  | taking damage. [demonic ancestry]
  1559 | D:2      | Reached XP level 4. HP: 21/35 MP: 4/4
  1615 | D:2      | Reached skill level 1 in Dodging
  1629 | D:2      | Found Datt's Antique Weapon Boutique.
  2605 | D:2      | Found a runed translucent door.
  2606 | D:2      | Noticed Crazy Yiuf
  2615 | D:2      | Slain by Crazy Yiuf

Illustrated notes

Levels and vault maps discovered:
D:1:      ncdulo_smallfort, layout_basic,
          hellmonk_ecumenical_altar_inner_sanctum,
          chequers_serial_rivers_micro_c, nicolae_grassy_gnolls
D:2:      minmay_razor_zed, layout_loops_corners, serial_shops,
          nicolae_lakefront_shop, uniq_crazy_yiuf_cottage
D:3:      layout_basic

Skill      XL: |  1  2  3  4 |
---------------+-------------+-----
Armour         | 3 |  3.4
Short Blades   | 2 |  2.6
Shields        | 3 |  3.0
Dodging        | 1 |  1.0
Fighting       | |  3.5

Action                   |  1- 3 |  4- 6 || total
-------------------------+-------+-------++-------
Melee: Rapier            |   133 |    33 ||   166
       Dagger            |       |    23 ||    23
  Use: Potion            |     2 |     1 ||     3
       Scroll            |       |     2 ||     2
Armor: Scale mail        |    74 |    13 ||    87
Dodge: Dodged            |    70 |    18 ||    88
Block: Buckler           |    29 |    15 ||    44

Table legend: (Time is in decaauts)
 A = Elapsed time spent in this place.
 B = Non-inter-level travel time spent in this place.
 C = Inter-level travel time spent in this place.
 D = Time resting spent in this place.
 E = Time spent auto-exploring this place.
 F = Levels seen in this place.
 G = Mean time per level.
                   A        B        C        D        E       F      G
               +--------+--------+--------+--------+--------+-----+--------+
         Total |   2636 |   2636 |      0 |      3 |   1779 |   3 |  878.7 |
       Dungeon |   2636 |   2636 |      0 |      3 |   1779 |   3 |  878.7 |
               +--------+--------+--------+--------+--------+-----+--------+

Top non-repeatable levels by time:
     D:2: 1622 daAuts
     D:1: 1012 daAuts
     D:3: 1 daAuts
